 Dungeon Sprint DCSS version 0.31.0-12-g77e489cdc1 (webtiles) character file.

Game seed: 840839746815737337

39 Groucho the Digger (level 3, -7/19 HPs)
             Began as a Deep Elf Earth Elementalist on Feb 11, 2024.
             Was a Believer of Sif Muna.
             Splashed by a jelly's acid (9 damage)
             ... in the Dungeon (Sprint VII: "The Pits").
             The game lasted 00:01:42 (1026 turns).

Groucho the Digger (Deep Elf Earth Elementalist)    Turns: 1026, Time: 00:01:43

Health: -7/19      AC:  2    Str:  5    XL:     3   Next: 26%
Magic:  8/11       EV: 12    Int: 21    God:    Sif Muna [**....]
Gold:   0          SH:  0    Dex: 15    Spells: 8/12 levels left

rFire   . . .        h - +2 dagger
rCold   . . .        (no shield)
rNeg    . . .        a - +0 robe
rPois   .            (no helmet)
rElec   .            (no cloak)
rCorr   .            (no gloves)
SInv    .            (no boots)
Will    .....        (no amulet)
Stlth   ++           (no ring)
HPRegen 0.23/turn    (no ring)
MPRegen 0.12/turn

%: no teleportation
@: lethally poisoned (-7 -> -15)
A: no striking features
a: Renounce Religion, Channel Magic


You were in the Dungeon.
You worshipped Sif Muna.
Sif Muna was pleased with you.
You visited 1 branch

Inventory:

Hand Weapons
 h - a +2 dagger (weapon)
Missiles
 m - 10 stones
Armour
 a - a +0 robe (worn)
Scrolls
 g - a scroll of blinking
 j - 2 scrolls of vulnerability
 k - 5 scrolls of amnesia
 l - a scroll of butterflies
Potions
 b - 5 potions of magic
 c - 6 potions of curing
 d - 6 potions of heal wounds
 e - a potion of haste
 f - 3 potions of berserk rage
 i - 2 potions of invisibility


   Skills:
 - Level 2.4 Dodging
 - Level 2.4 Stealth
 + Level 5.0 Spellcasting
 + Level 3.3 Conjurations
 * Level 5.8 Earth Magic
 + Level 2.1 Invocations


You had 8 spell levels left.
You knew the following spells:

 Your Spells              Type           Power      Damage    Failure   Level
a - Sandblast             Erth           58%        2d13      1%          1
b - Stone Arrow           Conj/Erth      48%        3d10      4%          3

Your spell library contained the following spells:

 Spells                   Type           Power      Damage    Failure   Level
 Passwall                 Erth           29%        N/A       3%          3
 Brom's Barrelling Bould  Conj/Erth      24%        2d5       16%         4
 Petrify                  Alch/Erth      17%        N/A       32%         4


Dungeon Overview and Level Annotations

Branches:
Dungeon (1/1)

Altars:
Ashenzari
Cheibriados
Dithmenos
Elyvilon
Fedhas
Gozag
Hepliaklqana
Kikubaaqudgha
Makhleb
Nemelex Xobeh
Okawaru
Qazlal
Ru
Sif Muna
Trog
Uskayaw
Vehumet
Wu Jian
Xom
Yredelemnul
Zin
The Shining One
Jiyva
Lugonu


Message History

There is an open door here.
There is a large open door here.
There is an open door here.
There is an open door here.
There is an open door here.
You open the door.
There is an open door here.
You open the door.
A water moccasin comes into view.
The water moccasin hisses angrily.
A hound comes into view.
A jelly comes into view.
Aiming: Sandblast (safe; 1% risk of failure)
Press: ? - help, Q - select action, (/) - cycle Shift-Dir - straight line, f - water moccasin
Aim: a water moccasin (72% to hit)
The blast of sand hits the water moccasin!
The water moccasin is heavily wounded.
The water moccasin bites you.
Unknown command.
Aiming: Sandblast (safe; 1% risk of failure)
Press: ? - help, Q - select action, (/) - cycle Shift-Dir - straight line, f/p - water moccasin
Aim: a water moccasin (heavily wounded, 72% to hit)
The blast of sand hits the water moccasin!
The water moccasin is almost dead.
The water moccasin barely misses you. The water moccasin bites you!
You are lethally poisoned!
The water moccasin poisons you!
Unknown command.
Okay, then.
Aiming: Sandblast (safe; 1% risk of failure)
Press: ? - help, Q - select action, (/) - cycle Shift-Dir - straight line, f/p - water moccasin
Aim: a water moccasin (almost dead, 72% to hit)
The blast of sand hits the water moccasin!
You kill the water moccasin!
Sif Muna accepts your kill.
* * * LOW HITPOINT WARNING * * *
You feel very sick. The jelly hits you.
* * * LOW HITPOINT WARNING * * *
You are splashed with acid!
You die...

#....')))'.##.....
##########.##.....
#...........'.....
#'#####'#####.....
#.#..#...'.##.....
#.#..#...#.#####'#
#.#..#####.##.....
#.#..'...#.##.....
#@#..'...'.##.....
#J#..########...<.
#.#..'[))).##.....
#.#..#[))).##.....
#'###########.....
#.. ###### #..#
#... ##.##


You could see a jelly.

Vanquished Creatures
  A water moccasin (D)
  2 adders (D)
  A river rat (D)
  An ufetubus (D)
  A ribbon worm (D)
  A giant cockroach (D)
  A frilled lizard (D)
  2 rats (D)
10 creatures vanquished.

Notes
Turn   | Place    | Note
-------+----------+-------------------------------------------
     0 | D        | Groucho the Deep Elf Earth Elementalist began the quest for
                  | the Orb.
     0 | D        | Reached XP level 1. HP: 10/10 MP: 6/6
    18 | D        | Reached XP level 2. HP: 4/15 MP: 1/9
   313 | D        | Found a bloodstained altar of Trog.
   313 | D        | Found a shimmering blue altar of Sif Muna.
   313 | D        | Found a viscous altar of Jiyva.
   313 | D        | Found a hazy altar of Hepliaklqana.
   313 | D        | Found an opulent altar of Gozag.
   314 | D        | Found a glowing golden altar of the Shining One.
   314 | D        | Found a glowing silver altar of Zin.
   314 | D        | Found a basalt altar of Yredelemnul.
   314 | D        | Found a shimmering altar of Xom.
   314 | D        | Found an ornate altar of the Wu Jian Council.
   314 | D        | Found a sacrificial altar of Ru.
   314 | D        | Found a stormy altar of Qazlal.
   314 | D        | Found an iron altar of Okawaru.
   314 | D        | Found a sparkling altar of Nemelex Xobeh.
   314 | D        | Found a burning altar of Makhleb.
   314 | D        | Found a blossoming altar of Fedhas.
   314 | D        | Found a white marble altar of Elyvilon.
   314 | D        | Found a shadowy altar of Dithmenos.
   314 | D        | Found a snail-covered altar of Cheibriados.
   316 | D        | Found a radiant altar of Vehumet.
   316 | D        | Found a corrupted altar of Lugonu.
   317 | D        | Found a hide-covered altar of Uskayaw.
   317 | D        | Found an ancient bone altar of Kikubaaqudgha.
   317 | D        | Found a broken altar of Ashenzari.
   319 | D        | Became a worshipper of Sif Muna the Loreminder
   343 | D        | Reached * piety under Sif Muna
   347 | D        | Reached skill level 5 in Earth Magic
   347 | D        | Reached skill level 1 in Invocations
   635 | D        | Reached ** piety under Sif Muna
   679 | D        | Reached XP level 3. HP: 19/19 MP: 8/11
   967 | D        | Learned a level 3 spell: Stone Arrow
   976 | D        | Reached skill level 5 in Spellcasting
  1020 | D        | Noticed a water moccasin
  1026 | D        | Killed a water moccasin
  1026 | D        | Splashed by a jelly's acid

Illustrated notes

Levels and vault maps discovered:
D:        pitsprint [storerooms_1, entrance_room_1, metal_vault_1, armoury_1,
          mini_pit_1, grid_room_1, main_hall_1, silver_pit, the_coven_1,
          the_vestibule_1, steel_vault_4, golden_pit, hallway_of_sentries,
          crystal_vault_3, iron_vault_2, final_vault]

Skill      XL: |  1  2  3 |
---------------+----------+-----
Spellcasting   | 4 5 |  5.0
Conjurations   | 2 3 |  3.3
Earth Magic    | 4 5 |  5.8
Invocations    | 1 2 |  2.1
Dodging        | |  2.4
Stealth        | |  2.4

Action                     || total
---------------------------++-------
  Melee: Dagger            ||     6
   Cast: Sandblast         ||    14
   Stab: Sleeping          ||     4
 Armour: Robe              ||     7
  Dodge: Dodged            ||     6
